cohdb
Replays
Latest Replays
All Replays
Popular Replays
Top Player Replays
Match Explorer
How It Works
Community
CoH3 Stats
Reddit
Sign in to upload your games and track your stats! →
Sign in with Steam
Match 38465798
Unlisted
Match 38465798
Overview
Messages
Build Orders
End
Scout Squad
Construct Barracks
Riflemen Squad
Selects Armored Battlegroup
Selects Veteran Crews
Riflemen Squad
Riflemen Squad
Grenade Package
Construct Medical Station
Infantry Support Center
Selects Fast Deploy
Construct Motor Pool
M8 Greyhound Armored Car
M1 Anti-tank Gun Team
Reakly
Hawker Typoon
0
0
Comments
sign in to comment!
No comments posted yet!